 Dungeon Crawl Stone Soup version 0.22.1-2-g9c5b331383 (webtiles) character file.

133726 Ponchio the Tortoise (level 17, -3/108 HPs)
             Began as a Gargoyle Fighter on Dec 10, 2018.
             Was the Champion of the Shining One.
             Killed from afar by a starcursed mass (13 damage)
             ... with an accursed screaming
             ... on level 3 of the Abyss.
             The game lasted 02:58:30 (29992 turns).

Ponchio the Tortoise (Gargoyle Fighter)            Turns: 29992, Time: 02:58:30

Health: -3/108     AC: 52    Str: 23    XL:     17   Next: 15%
Magic:  0/16       EV: 14    Int: 10    God:    the Shining One [******]
Gold:   490        SH: 14    Dex: 17    Spells: 16/16 levels left

rFire    + + +     SeeInvis .   y - +6 whip of Baakehyi {venom, *Slow rF+ Str+5 Int+3 Dex+3}
rCold    + + +     Gourm    .   c - +0 shield
rNeg     + + +     Faith    .   G - +15 Maxwell's patent armour {-Cast -Tele rElec MR+ rCorr}
rPois    ∞         Spirit   +   n - +1 helmet
rElec    +         Reflect  .   k - scarf {rC+ rF+}
rCorr    +         Harm     .   v - +1 pair of gloves
MR       +++..     NoTele   +   M - +1 pair of boots Stlth ..........NoCast +
                                L - amulet of guardian spirit
HPRegen  0.28/turn              F - ring of protection from cold
MPRegen  0.15/turn              B - ring of protection from magic

@: resistant, flying, hasted, very quick
A: big wings, blurry vision 1, deterioration 1, [dopey 2], [low mp 3], negative
energy resistance 1, electricity resistance, [weak 1], unbreathing,
petrification resistance, [no potion heal 2], rot immunity, subdued magic 1, AC
+12
a: Stop Flying, Divine Shield, Cleansing Flame, Summon Divine Warrior, Brand
Weapon With Holy Wrath, Renounce Religion


You were on level 3 of the Abyss.
You worshipped the Shining One.
The Shining One was exalted by your worship.
You were not hungry.

You visited 6 branches of the dungeon, and saw 24 of its levels.
You visited the Abyss 1 time.
You also visited: Labyrinth, Volcano and Desolation.

You collected 2268 gold pieces.
You spent 1778 gold pieces at shops.

Inventory:

Hand Weapons
 y - the +6 whip of Baakehyi (weapon) {venom, *Slow rF+ Str+5 Int+3 Dex+3}
   (You found it on level 6 of the Dungeon)

   It poisons the flesh of those it strikes.
   It affects your strength (+5).
   It affects your intelligence (+3).
   It affects your dexterity (+3).
   It protects you from fire.
   It may slow you when you take damage.
 E - the +3 rapier of the Middle {pierce, rElec rF+ MR+ Dex+2, unknown}
   (You found it on level 10 of the Dungeon)

   It inflicts extra damage upon your enemies.
   It affects your dexterity (+2).
   It protects you from fire.
   It insulates you from electricity.
   It affects your resistance to hostile enchantments.
Missiles
 g - 5 silver javelins (quivered)
 z - 20 javelins of penetration
Armour
 c - a +0 shield (worn)
 k - a scarf of resistance (worn)
 n - a +1 helmet (worn)
 v - a +1 pair of gloves (worn)
 D - a +2 ring mail of cold resistance
 G - the +15 Maxwell's patent armour (worn) {-Cast -Tele rElec MR+ rCorr}
   (You bought it in a shop on level 11 of the Dungeon)

   It insulates you from electricity.
   It affects your resistance to hostile enchantments.
   It prevents spellcasting.
   It prevents most forms of teleportation.
   It provides partial protection from all sources of acid and corrosion.
 M - a +1 pair of boots (worn)
Jewellery
 a - an uncursed ring of wizardry
 j - an uncursed ring of fire
 p - an uncursed amulet of the acrobat {unknown}
 t - an uncursed ring of magical power
 B - a ring of protection from magic (right hand)
 F - a ring of protection from cold (left hand)
 H - an uncursed amulet of rage
 I - a cursed ring of attention {unknown}
 L - an amulet of guardian spirit (around neck)
 N - a cursed -2 ring of strength {unknown}
Wands
 e - a wand of flame (60)
 i - a wand of acid (10)
 x - a wand of iceblast (14)
 J - a wand of paralysis (16)
 K - a wand of disintegration (45)
Scrolls
 b - 4 scrolls of magic mapping
 h - 4 scrolls of teleportation
 o - 6 scrolls of remove curse
 u - 5 scrolls of enchant weapon
 w - 3 scrolls of fear
 Q - 6 scrolls of fog
 S - 4 scrolls of identify
Potions
 d - 5 potions of might
 l - 2 potions of curing
 q - a potion of brilliance
 r - a potion of haste
 s - 2 potions of lignification
 C - 3 potions of ambrosia
 O - 2 potions of agility
Miscellaneous
 V - a phial of floods
Comestibles
 f - 26 rations


   Skills:
 + Level 12.7 Fighting
 + Level 13.2 Maces & Flails
 + Level 15.3 Armour
 - Level 11.1 Dodging
 - Level 15.0 Shields
 + Level 9.5 Invocations


You had 16 spell levels left.
You didn't know any spells.
Your spell library contained the following spells:

 Spells                   Type           Power        Failure   Level  Hunger
 Animate Skeleton         Necr           N/A          96%         1    ##.....
 Apportation              Tloc           #.....       96%         1    ##.....
 Beastly Appendage        Tmut           #.....       96%         1    ##.....
 Confusing Touch          Hex            #.....       96%         1    ##.....
 Shock                    Conj/Air       #...         96%         1    ##.....
 Summon Small Mammal      Summ           #...         96%         1    ##.....
 Sticks to Snakes         Tmut           #.......     99%         2    ###....
 Swiftness                Chrm/Air       #.......     99%         2    ###....
 Confuse                  Hex            #.......     100%        3    ####...
 Gell's Gravitas          Tloc           #.........   100%        3    ####...
 Spider Form              Tmut/Pois      #.........   100%        3    ####...
 Static Discharge         Conj/Air       #.......     100%        3    ####...
 Airstrike                Air            #.........   100%        4    #####..
 Ice Form                 Ice/Tmut       #.......     100%        4    #####..
 Petrify                  Tmut/Erth      #.......     100%        4    #####..
 Blade Hands              Tmut           #.........   100%        5    ######.
 Lightning Bolt           Conj/Air       #.........   100%        5    ######.
 Metabolic Englaciation   Hex/Ice        #.........   100%        5    ######.
 Yara's Violent Unravell  Hex/Tmut       #.........   100%        5    ######.


Dungeon Overview and Level Annotations

Branches:
Dungeon (11/15)            Temple (1/1) D:6            Lair (6/6) D:9
  Swamp (2/4) Lair:4       Spider (0/4) Lair:3        Slime (0/5) Lair:6
    Orc (2/2) D:11            Elf (2/3) Orc:2

Altars:
Ashenzari
Cheibriados
Dithmenos
Elyvilon
Fedhas
Gozag
Hepliaklqana
Kikubaaqudgha
Makhleb
Nemelex Xobeh
Okawaru
Qazlal
Ru
Sif Muna
Trog
Uskayaw
Vehumet
Wu Jian
Xom
Yredelemnul
Zin
The Shining One

Shops:
D:5 ?   D:7 [   D:11 [   Orc:2 =[([   Elf:2 [*[

Annotations:
D:11 3 runed doors, Zarkath's ghost, journeyman DrSu
Lair:4 vasus's ghost, journeyman MiBe


Innate Abilities, Weirdness & Mutations

You are resistant to torment.
Your stone body is resilient. (AC +12)
You are immune to poison.
Your large and strong wings let you fly indefinitely.
You resist negative energy. (rN+)
You are resistant to electric shocks. (rElec)
You can survive without breathing.
You are immune to petrification.
You are immune to rotting.
Scrolls take you a little longer to read.
Your body sometimes deteriorates upon taking damage.
Your spells are a little easier to cast, but a little less powerful.
[You are very dopey. (Int -4)]
[Your magical capacity is extremely low. (-30% MP)]
[You are weak. (Str -2)]
[Potions are poor at restoring your health.]


Message History

Your angel gestures.
Your angel is healed somewhat.
The starcursed mass barely misses your angel.
Your system partially rejects the healing.
You feel better. The profane servitor misses your angel.
The profane servitor hits your angel with an enchanted whip.
The thrashing horror closely misses you.
The thrashing horror tramples you but does no damage.
A tentacle flies out from the starspawn's body!
Your angel hits the profane servitor with a whip of holy wrath. x2
A starspawn tentacle comes into view.
You feel protected.
The thrashing horror roars!
You block the thrashing horror's attack.
The thrashing horror completely misses you.
The profane servitor hits your angel with an enchanted whip!
The profane servitor hits your angel with an enchanted whip.
The starcursed mass misses your angel.
A starcursed mass splits.
A deafening chorus of shrieks assaults your mind!
You die... . ♣ ♣.... .≈♣ .≈≈.≈≈ ♣≈♣♣.≈≈≈≈ ≈ ♣♣♣♣≈≈..≈≈≈X . . ♣ ≈w.....≈ ..# ≈ XwXwX§♣

.≈ . ♣
Xx♣≈♣..≈
..
♣♣X♣X5≈♣.≈
≈ ♣@AAxX#≈
.
♣♣♣XXw≈≈≈
.♣# #
♣XXX≈≈♣.
♣♣.# ## .
w≈♣X.... .
♣
♣♣≈♣X3.≈≈.
_# x ♣ ♣
≈♣55.. .#
..
.#≈♣♣.5.
.. ≈#≈≈♣
.≈≈≈≈#. ≈
≈ ≈ .. #


You could see a profane servitor, 5 starcursed masses, 3 tentacled starspawn, a
thrashing horror, 3 large abominations, a worldbinder, a neqoxec, a small
abomination, 5 starspawn tentacles, a crimson imp, an ufetubus and a friendly
angel.

Vanquished Creatures
  A tentacled starspawn (Abyss:3)
  2 deep elf sorcerers (Elf:1)
  2 imperial myrmidons
  A very ugly thing (Swamp:1)
  A dire elephant (Lair:6)
  A minotaur (Lab)
  Snorg (Lair:2)
  2 ogre magi (Orc:2)
  4 ragged hierophants
  5 servants of whispers (Desolation)
  Fannar (Orc:1)
  Erica (D:9)
  A merfolk avatar (Lair:6)
  8 hydras
  A catoblepas (D:11)
  A ghost crab (Swamp:2)
  3 peacekeepers
  6 alligators
  8 two-headed ogres (Orc:2)
  11 dancing weapons
  A tengu warrior (D:11)
  Urug (Lair:6)
  2 thrashing horrors (Abyss:3)
  A sun demon (Abyss:3)
  Sonja (Lair:6)
  7 deep elf knights
  A large abomination (Abyss:3)
  3 spriggans
  A wretched star (Abyss:3)
  2 deep trolls (Orc:2)
  A wizard (Elf:1)
  An ironbrand convoker (Elf:2)
  2 lindwurms (Volcano)
  2 swamp dragons
  3 shambling mangroves
  2 harpies (Lair:6)
  3 deep elf archers
  A harpy (shapeshifter) (Elf:2)
  An ugly thing (Abyss:3)
  22 deep elf magi
  3 cyclopes
  2 manticores
  A centaur zombie (D:11)
  6 elephants
  3 black mambas
  Maurice (Orc:1)
  3 molten gargoyles (Volcano)
  20 spiny frogs
  5 rime drakes
  13 komodo dragons
  2 efreet (Volcano)
  A demonic crawler (Abyss:3)
  A hellwing (Abyss:3)
  10 trolls
  3 polar bears
  A wind drake (Lair:6)
  A tengu conjurer (Elf:1)
  9 tyrant leeches
  An ancient zyme (Abyss:3)
  17 hornets
  24 saltlings
  7 hippogriffs
  25 blink frogs
  8 slime creatures (Swamp:1)
  3 bog bodies (Swamp:2)
  2 air elementals
  A ynoxinul (Abyss:3)
  3 shadows
  4 wyverns
  4 water elementals
  Sigmund (D:2)
  19 yaks
  6 fire elementals
  A neqoxec (Abyss:3)
  A basilisk (Lair:2)
  Menkaure (D:7)
  2 hungry ghosts (D:10)
  10 vampire mosquitoes
  12 insubstantial wisps (Swamp:2)
  10 water moccasins
  2 hell hounds (Lair:4)
  11 swamp worms
  4 porcupines
  7 orc warriors
  2 phantoms
  6 swamp drakes
  3 ice beasts
  3 sky beasts
  A black bear (D:6)
  An eye of draining (D:11)
  A boggart (Elf:1)
  4 wolves (Lair:6)
  24 ogres
  6 centaurs
  10 crocodiles
  3 big kobolds
  14 bullfrogs
  2 small abominations (Abyss:3)
  4 earth elementals
  A wyvern skeleton (D:11)
  4 scorpions
  11 killer bees
  12 wights
  5 howler monkeys
  2 bullfrog zombies
  3 crimson imps (D:11)
  A starcursed mass (Abyss:3)
  5 jellies
  A quasit (D:10)
  2 hounds
  8 orc priests
  10 orc wizards
  2 bullfrog skeletons
  2 iguanas
  Natasha (thrice) (D:3)
  15 worker ants
  5 hell rats (Lair:4)
  A hound zombie (D:10)
  A hound skeleton (D:11)
  2 howler monkey skeletons
  8 gnolls
  19 adders
  A shadow imp (D:10)
  2 ufetubi (Abyss:3)
  3 oozes
  2 adder skeletons
  5 worms
  10 leopard geckos
  64 orcs
  4 giant cockroaches
  14 goblins
  12 hobgoblins
  15 jackals
  6 quokkas
  6 bats
  9 frilled lizards
  A jackal skeleton (D:5)
  16 kobolds
  A quokka zombie (D:5)
  6 rats
  A fire vortex (Volcano)
  2 pillars of salt (Elf:2)
777 creatures vanquished.

Vanquished Creatures (collateral kills)
  A thrashing horror (Abyss:3)
  A black mamba (Lair:5)
  2 blink frogs (Lair:5)
  A fungus (Lair:5)
5 creatures vanquished.

Vanquished Creatures (others)
  A shambling mangrove (Swamp:2)
  A spriggan druid (Swamp:1)
  A deep elf mage (Elf:1)
  A tyrant leech (Swamp:2)
  An eye of draining (Abyss:3)
  A jelly (Abyss:3)
  4 fungi
  A lurking horror (Abyss:3)
  2 pillars of salt (Elf:2)
  4 plants (Lair:6)
  22 starspawn tentacles (Abyss:3)
39 creatures vanquished.

Grand Total: 821 creatures vanquished

Notes
Turn   | Place    | Note
-------+----------+-------------------------------------------
     0 | D:1      | Ponchio the Gargoyle Fighter began the quest for the Orb.
     0 | D:1      | Reached XP level 1. HP: 14/14 MP: 1/1
    47 | D:1      | Reached XP level 2. HP: 19/19 MP: 2/2
   419 | D:1      | Reached XP level 3. HP: 22/23 MP: 3/3
   803 | D:2      | Noticed Sigmund
  1212 | D:2      | Reached XP level 4. HP: 27/28 MP: 4/4
  1793 | D:2      | Killed Sigmund
  1793 | D:2      | Reached XP level 5. HP: 32/32 MP: 5/5
  1793 | D:2      | Reached XP level 6. HP: 37/37 MP: 6/6
  2122 | D:3      | Noticed Natasha
  2279 | D:3      | Killed Natasha
  2352 | D:3      | Noticed Natasha
  2801 | D:3      | Killed Natasha
  3019 | D:3      | Noticed Natasha
  3036 | D:3      | Killed Natasha
  3587 | D:4      | Reached XP level 7. HP: 34/41 MP: 7/7
  3917 | D:5      | Entered Level 5 of the Dungeon
  4308 | D:5      | Found Bugget's Magic Scroll Boutique.
  4659 | D:5      | Reached XP level 8. HP: 46/46 MP: 8/8
  5160 | D:6      | Reached skill level 10 in Maces & Flails
  5551 | D:6      | Found a staircase to the Ecumenical Temple.
  5567 | Temple   | Entered the Ecumenical Temple
  5721 | Temple   | Became a worshipper of the Shining One
  5883 | D:6      | Found a burning altar of Makhleb.
  5914 | D:6      | Got an iridescent whip
  5919 | D:6      | Identified the +6 whip of Baakehyi {venom, *Slow rF+ Str+5
                  | Int+3 Dex+3} (You found it on level 6 of the Dungeon)
  5985 | D:6      | Found an ornate altar of the Wu Jian Council.
  5985 | D:6      | Found a basalt altar of Yredelemnul.
  6033 | D:7      | Reached XP level 9. HP: 39/51 MP: 9/9
  6129 | D:7      | Found Tuadgh's Antique Armour Shop.
  6241 | D:7      | Noticed Menkaure
  6247 | D:7      | Killed Menkaure
  6820 | D:7      | Found a bloodstained altar of Trog.
  6924 | D:8      | Reached * piety under the Shining One
  7208 | D:8      | Noticed a troll
  7220 | D:8      | Killed a troll
  7387 | D:8      | Noticed a cyclops
  7417 | D:8      | Killed a cyclops
  7417 | D:8      | Reached skill level 1 in Dodging
  7417 | D:8      | Reached XP level 10. HP: 35/57 MP: 10/10
  7795 | D:9      | Noticed Erica
  7807 | D:9      | Killed Erica
  7807 | D:9      | Reached skill level 5 in Fighting
  7807 | D:9      | Reached skill level 5 in Armour
  7807 | D:9      | Reached skill level 5 in Shields
  8219 | D:9      | Got a dazzling falchion
  8273 | D:9      | Found a staircase to the Lair.
  8561 | Lair:1   | Entered Level 1 of the Lair of Beasts
  8908 | Lair:1   | Found a bloodstained altar of Trog.
  9130 | Lair:1   | Noticed a black mamba
  9138 | Lair:1   | Killed a black mamba
  9156 | Lair:1   | Noticed a seven-headed hydra
  9225 | Lair:1   | Killed a seven-headed hydra
  9225 | Lair:1   | Reached XP level 11. HP: 56/66 MP: 11/11
  9513 | Lair:2   | Found a labyrinth entrance.
  9523 | Lab      | Entered a labyrinth
 10040 | Lab      | Noticed a minotaur
 10061 | Lab      | Killed a minotaur
 10717 | Lair:2   | Reached skill level 5 in Dodging
 11502 | Lair:3   | Found a hole to the Spider Nest.
 11601 | Lair:3   | Reached ** piety under the Shining One
 11621 | Lair:3   | Reached XP level 12. HP: 68/74 MP: 9/12
 12267 | Lair:3   | Noticed Snorg
 12292 | Lair:2   | Reached skill level 1 in Invocations
 12356 | Lair:2   | Killed Snorg
 12981 | Lair:4   | Found a staircase to the Swamp.
 13032 | Lair:4   | Found a dark tunnel.
 13057 | Volcano  | Entered a volcano
 13504 | Volcano  | Reached XP level 13. HP: 75/80 MP: 15/15
 14559 | Lair:5   | Reached *** piety under the Shining One
 15410 | Lair:6   | Entered Level 6 of the Lair of Beasts
 15544 | Lair:6   | Reached skill level 10 in Shields
 15547 | Lair:6   | Found a staircase to the Slime Pits.
 15584 | Lair:6   | Reached skill level 10 in Fighting
 15613 | Lair:6   | Reached skill level 10 in Armour
 15717 | Lair:6   | Reached skill level 5 in Invocations
 16078 | Lair:6   | Noticed Urug
 16161 | Lair:6   | Killed Urug
 16352 | Lair:6   | Noticed a dire elephant
 16392 | Lair:6   | Noticed Sonja
 16431 | Lair:6   | Killed Sonja
 16719 | Lair:6   | Gained mutation: Your large and strong wings let you fly
                  | indefinitely. [Gargoyle growth]
 16719 | Lair:6   | Reached XP level 14. HP: 80/88 MP: 15/18
 17118 | Lair:6   | Killed a dire elephant
 17372 | Swamp:1  | Entered Level 1 of the Swamp
 17408 | Swamp:1  | Reached **** piety under the Shining One
 17772 | Swamp:1  | Noticed a brown very ugly thing
 17788 | Swamp:1  | Reached skill level 10 in Dodging
 17845 | Swamp:1  | Killed a brown very ugly thing
 18776 | Swamp:1  | Found a large runed door.
 18783 | Swamp:1  | Found a large runed door.
 18789 | Swamp:1  | Noticed vasus's ghost (journeyman MiBe)
 18820 | Swamp:1  | Found a basalt altar of Yredelemnul.
 19495 | Swamp:2  | Reached ***** piety under the Shining One
 20705 | Swamp:2  | Reached XP level 15. HP: 54/95 MP: 16/20
 21364 | Swamp:2  | Identified a scroll of acquirement
 21365 | Swamp:2  | Got a scintillating wooden ring
 21367 | Swamp:2  | Identified the ring of Ethics {rPois AC+2 Str+7 Dex-4} (You
                  | acquired it on level 2 of the Swamp)
 21790 | D:10     | Entered Level 10 of the Dungeon
 22030 | D:10     | Got a warped rapier
 22655 | D:11     | Reached ****** piety under the Shining One
 22666 | D:11     | Found a runed gate.
 22667 | D:11     | Found a runed gate.
 22667 | D:11     | Found an opulent altar of Gozag.
 22668 | D:11     | Found a runed gate.
 22669 | D:11     | Noticed Zarkath's ghost (journeyman DrSu)
 23194 | D:11     | Found Nore's Armour Shoppe.
 23456 | D:11     | Found a staircase to the Orcish Mines.
 23522 | Orc:1    | Entered Level 1 of the Orcish Mines
 23623 | Orc:1    | Noticed Maurice
 23636 | Orc:1    | Killed Maurice
 23681 | Orc:1    | Noticed Fannar
 23702 | Orc:1    | Killed Fannar
 23854 | Orc:2    | Entered Level 2 of the Orcish Mines
 24097 | Orc:2    | Found Unepots's Antique Armour Emporium.
 24665 | Orc:2    | Found Tiakol's Armour Shoppe.
 24670 | Orc:2    | Found Boemahad's Jewellery Shop.
 24676 | Orc:2    | Found Xomugy's Antique Weapon Emporium.
 24823 | Orc:2    | Found a staircase to the Elven Halls.
 25301 | Orc:2    | Bought an uncursed ring of protection from cold for 275
                  | gold pieces
 25480 | D:11     | Bought the +15 Maxwell's patent armour {-Cast -Tele rElec
                  | MR+ rCorr} for 1503 gold pieces
 25480 | D:11     | Found the +15 Maxwell's patent armour {-Cast -Tele rElec
                  | MR+ rCorr}
 25601 | Elf:1    | Entered Level 1 of the Elven Halls
 25623 | Elf:1    | Noticed a deep elf sorcerer
 25799 | Elf:1    | Killed a deep elf sorcerer
 25799 | Elf:1    | Reached XP level 16. HP: 103/103 MP: 23/23
 26847 | Elf:2    | Found Nohiatre's Armour Shoppe.
 26937 | Elf:2    | Found Gis Orub's Antique Armour Shoppe.
 26938 | Elf:2    | Found Veumo's Assorted Antiques.
 26961 | Elf:2    | Found a ruined gateway.
 26970 | Desolati | Entered the Desolation of Salt
 28650 | Desolati | HP: 3/103 [imperial myrmidon/demon blade of freezing (10)]
 29107 | Elf:2    | Reached skill level 15 in Shields
 29336 | Elf:2    | Found a runed gate.
 29336 | Elf:2    | Found a runed gate.
 29336 | Elf:2    | Found a runed gate.
 29379 | Elf:2    | Reached XP level 17. HP: 103/108 MP: 22/24
 29607 | Elf:2    | Cast into level 3 of the Abyss (war axe of distortion)
 29626 | Abyss:3  | Noticed a tentacled starspawn
 29643 | Abyss:3  | Killed a tentacled starspawn
 29643 | Abyss:3  | Reached skill level 15 in Armour
 29643 | Abyss:3  | Paralysed by accursed screaming for 2 turns
 29651 | Abyss:3  | Paralysed by accursed screaming for 1 turns
 29665 | Abyss:3  | Noticed a tentacled starspawn
 29831 | Abyss:3  | Gained mutation: Your body often deteriorates upon taking
                  | damage. [a neqoxec]
 29833 | Abyss:3  | Gained mutation: Your spells are much easier to cast, but
                  | much less powerful. [a neqoxec]
 29834 | Abyss:3  | Gained mutation: Scrolls take you a little longer to read.
                  | [a neqoxec]
 29870 | Abyss:3  | Noticed a profane servitor
 29901 | Abyss:3  | Noticed a tentacled starspawn
 29936 | Abyss:3  | Found a corrupted altar of Lugonu.
 29947 | Abyss:3  | Noticed a tentacled starspawn
 29955 | Abyss:3  | Noticed a tentacled starspawn
 29989 | Abyss:3  | The Shining One protects you from harm!
 29992 | Abyss:3  | Killed from afar by a starcursed mass

Skill      XL: |  1  2  3  4  5  6  7  8  9 10 11 12 13 14 15 16 17 |
---------------+----------------------------------------------------+-----
Maces & Flails | 3 4 6 7 9 11 12 13 | 13.2
Fighting       | 4 6 8 9 10 11 12 | 12.7
Armour         | 4 6 8 9 10 11 12 14 15 | 15.3
Dodging        | 1 4 6 8 9 10 11 | 11.1
Shields        | 4 6 8 9 10 11 13 15 | 15.0
Invocations    | 3 5 7 9 |  9.5

Action                   |  1- 3 |  4- 6 |  7- 9 | 10-12 | 13-15 | 16-18 || total
-------------------------+-------+-------+-------+-------+-------+-------++-------
Melee: Flail             |   120 |   254 |   208 |       |       |       ||   582
       Whip              |       |       |   148 |   752 |  2358 |  1141 ||  4399
Throw: Javelin           |       |       |       |       |     3 |     9 ||    12
Invok: Cleansing Flame   |       |       |       |       |     1 |     3 ||     4
       Summon Divine War |       |       |       |       |       |     2 ||     2
       Divine Shield     |       |       |       |       |       |     1 ||     1
 Abil: Fly               |       |       |       |       |     1 |       ||     1
  Use: Scroll            |       |    12 |     4 |    10 |    13 |     1 ||    40
       Potion            |       |     2 |     1 |     3 |     5 |    11 ||    22
 Stab: Sleeping          |       |     1 |       |       |       |       ||     1
  Eat: Chunk             |     1 |     8 |     5 |    16 |    26 |     5 ||    61
       Ration            |       |       |     2 |     1 |     6 |     3 ||    12
Armor: Scale mail        |    67 |    38 |       |       |       |       ||   105
       Robe              |       |    70 |       |       |       |       ||    70
       Ring mail         |       |    31 |   113 |   171 |   571 |       ||   886
       Plate armour      |       |       |       |       |    47 |   522 ||   569
Dodge: Dodged            |    28 |    99 |    76 |   201 |   940 |   362 ||  1706
Block: Shield            |    56 |   142 |   109 |   257 |  1163 |   652 ||  2379
